 Dungeon Crawl Stone Soup version 0.14-a0-1330-g3eed206 (webtiles) character file.

297 PolkaDot the Skirmisher (level 5, -6/42 HPs)
             Began as a Vampire Death Knight on Dec 6, 2013.
             Was a Believer of Yredelemnul.
             Mangled by Edmund
             ... wielding a +2,+3 dire flail of protection
              (15 damage)
             ... while paralysed by a potion of paralysis
             ... on Level 4 of the Dungeon.
             The game lasted 00:10:11 (3523 turns).

PolkaDot the Skirmisher (Vampire Death Knight)      Turns: 3523, Time: 00:10:11

HP  -6/42        AC  6     Str 12      XL: 5   Next: 19%
MP   6/6         EV  2     Int 13      God: Yredelemnul [**....]
Gold 136         SH  0     Dex 14      Spells:  0 memorised,  4 levels left

rFire  . . .     SeeInvis +     a - +1 short sword
rCold  + + .     Clarity  .     b - +0 leather armour
rNeg   + + +     Conserve .     (no shield)
rPois  +         rCorr    .     (no helmet)
rElec  .         rRot     +     (no cloak)
SustAb . .       Spirit   .     q - +1 pair of orc gloves
rMut   .         Warding  .     o - +0 pair of boots
Saprov . . .     Stasis   .     (no amulet)
                                (no ring)
                                l - ring of protection from magic {unknown}

@: paralysed, regenerating slowly, quite resistant to hostile enchantments,
unstealthy
A: fangs 3, see invisible, unbreathing
a: Bat Form, Animate Remains, Recall Undead Slaves, Injury Mirror, Renounce
Religion


You were on level 4 of the Dungeon.
You worshipped Yredelemnul.
Yredelemnul was pleased with you.
You were near bloodless.

You visited 1 branch of the dungeon, and saw 4 of its levels.

You collected 136 gold pieces.

Inventory:

Hand weapons
 a - a +1,+1 short sword (weapon)
Armour
 b - a +0 leather armour (worn)
 o - a +0 pair of boots (worn)
 q - a +1 pair of orcish gloves (worn)
Scrolls
 c - 5 scrolls of identify {unknown}
 d - a scroll of fog {unknown}
 f - a scroll of curse armour {unknown}
 g - 6 scrolls of remove curse {unknown}
 i - a scroll of recharging {unknown}
 m - a scroll of blinking {unknown}
 s - 2 scrolls of teleportation {unknown}
 t - a scroll of enchant armour {unknown}
 u - a scroll of curse jewellery {unknown}
 w - a scroll of magic mapping {unknown}
Jewellery
 l - a ring of protection from magic (left hand) {unknown}
Potions
 j - a potion of confusion
 k - a potion of flight {unknown}
 n - a potion of agility {unknown}
 p - a potion of heal wounds {unknown}
 r - a potion of invisibility {unknown}
 v - a potion of brilliance {unknown}


   Skills:
 * Level 4.2 Fighting
 - Level 2.1 Short Blades
 - Level 0.7 Armour
 + Level 3.1 Dodging
 - Level 2.4 Invocations


You had 4 spell levels left.
You didn't know any spells.

Dungeon Overview and Level Annotations

Branches:
Dungeon (4/16)
 Temple: D:4-7

Altars:
Xom

Annotations:
D:3 9 exclusions
D:4 Edmund


Innate Abilities, Weirdness & Mutations

You heal slowly.
You have razor-sharp teeth.*
You have supernaturally acute eyesight.
You can survive without breathing.*


Message History

Edmund is lightly wounded.
Edmund hits you with a glowing dire flail!
* * * LOW HITPOINT WARNING * * *
Your ball python zombie bites Edmund but does no damage.
Your ball python zombie constricts Edmund.
You completely miss Edmund.
Edmund is lightly wounded.
Your ball python zombie bites Edmund but does no damage.
Your ball python zombie constricts Edmund.
Edmund hits you but does no damage.
Drink which item? (? for menu, Esc to quit)
You are confused.
It was a potion of confusion.
Your ball python zombie bites Edmund.
Your ball python zombie constricts Edmund.
Drink which item? (? for menu, Esc to quit)
You suddenly lose the ability to move!
It was a potion of paralysis.
You feel less confused.
Edmund hits you with a glowing dire flail!
You die...
Yredelemnul claims you as an undead slave.

... #.. #.# #.# ...
#.# #...# #.+ #.....
#S# #..%..#
#@####.....#
#z@z.......#
#z.........#
#..........#
#..........#
###..........#
.............#
..............########
.....................
#########.............


You could see Edmund, an adder, 2 friendly ball python zombies and a friendly
adder zombie.

Vanquished Creatures
  6 adders
  A giant mite (D:3)
  A worm (D:4)
  A giant eyeball (D:3)
  2 giant geckos
  A bat (D:3)
  6 hobgoblins
  7 jackals (D:2)
  6 kobolds
  An ooze (D:3)
  A quokka (D:3)
  A ball python (D:4)
  7 giant cockroaches
  3 giant newts
  8 goblins
  6 rats
58 creatures vanquished.

Vanquished Creatures (collateral kills)
  2 adders
  2 worms
  An ooze (D:2)
  A bat (D:2)
  A goblin (D:3)
  2 hobgoblins (D:2)
  A kobold (D:2)
  A quokka (D:3)
  A ball python (D:4)
  A giant newt (D:2)
13 creatures vanquished.

Vanquished Creatures (others)
  An adder zombie (D:3)
  A bat zombie (D:3)
  A goblin zombie (D:3)
  A hobgoblin zombie (D:2)
  A jackal zombie (D:2)
  A rat skeleton (D:2)
  A rat zombie (D:3)
7 creatures vanquished.

Grand Total: 78 creatures vanquished

Notes
Turn   | Place    | Note
--------------------------------------------------------------
     0 | D:1      | PolkaDot, the Vampire Death Knight, began the quest for the Orb.
     0 | D:1      | Reached XP level 1. HP: 16/16 MP: 1/1
   248 | D:1      | Reached XP level 2. HP: 9/23 MP: 2/2
   917 | D:2      | Reached XP level 3. HP: 19/28 MP: 4/4
  1134 | D:2      | Reached skill level 3 in Fighting
  1810 | D:2      | Reached XP level 4. HP: 24/35 MP: 5/5
  1973 | D:2      | Found a shimmering altar of Xom.
  1973 | D:2      | Found a shimmering altar of Xom.
  2007 | D:2      | Found a shimmering altar of Xom.
  2008 | D:2      | Found a shimmering altar of Xom.
  2009 | D:2      | Found a shimmering altar of Xom.
  2009 | D:2      | Found a shimmering altar of Xom.
  2010 | D:2      | Found a shimmering altar of Xom.
  2013 | D:2      | Found a shimmering altar of Xom.
  2014 | D:2      | Found a shimmering altar of Xom.
  2014 | D:2      | Found a shimmering altar of Xom.
  2014 | D:2      | Found a shimmering altar of Xom.
  2171 | D:3      | Acquired Yredelemnul's second power
  2370 | D:3      | Noticed a centaur
  2971 | D:3      | Reached skill level 4 in Fighting
  3000 | D:3      | Reached XP level 5. HP: 42/42 MP: 6/6
  3497 | D:4      | Noticed Edmund
  3523 | D:4      | Paralysed by a potion of paralysis for 1 turns
  3523 | D:4      | Mangled by Edmund

Action                   |  1- 3 |  4- 6 || total
-------------------------+-------+-------++-------
Melee: Short sword       |   144 |   113 ||   257
Invok: Animate Remains   |     6 |    15 ||    21
  Use: Potion            |     2 |     4 ||     6
 Stab: Sleeping          |     1 |       ||     1
       Distracted        |       |     1 ||     1
